AoeStats
← [Massa] Edo

Lombardia

508364193Analyzed
2v2 RM · 9d ago on Sep 22, 2026· 50m 1s· 4 players
Game mode
Random Map
Map size
Medium (4 player)
Population
200
Speed
Normal
Resources
Standard
Victory
Conquest
Starting age
Dark Age
Ending age
Imperial Age
RankedLock teamsTeams togetherTeam positionsShared explorationLock speedFull tech treeHidden civsTurbo modeCheats
Victory
Defeat
🇨🇱 Khmer · Chile
1523
+15
🇵🇪 Bulgarians · Peru
1471
+17
🇧🇷 Mongols · Brazil
1510
-17
🇧🇷 Italians · Brazil
1473
-15
[Massa] Edo
9:37 Feudal Age
9:47 Feudal Age
11:02 Loom
15:00 Castle Age
14:29 Double-Bit Axe
14:25 Horse Collar
16:02 Bow Saw
21:19 Fletching
23:04 Bodkin Arrow
24:47 Husbandry
27:37 Padded Archer Armor
29:05 Leather Archer Armor
29:50 Ballistics
31:48 Heavy Plow
33:14 Wheelbarrow
37:28 Bloodlines
40:08 Imperial Age
38:12 Devotion
38:25 Bloodlines
38:57 Hand Cart
39:10 Nomads
39:17 Gold Mining
39:31 Stone Mining
41:03 Gold Shaft Mining
41:05 Stone Shaft Mining
41:26 Conscription
41:10 Bracer
42:21 Chemistry
41:58 Thumb Ring
43:20 Scale Barding Armor
43:26 Forging
44:33 Chain Barding Armor
43:36 Light Cavalry
49:46 Iron Casting
tg
5:38 Loom
8:23 Feudal Age
10:39 Double-Bit Axe
11:22 Town Watch
13:20 Fletching
13:56 Padded Archer Armor
17:14 Horse Collar
23:01 Wheelbarrow
25:27 Castle Age
24:34 Stone Mining
32:20 Bow Saw
33:21 Heavy Plow
41:34 Imperial Age
39:48 Silk Road
41:09 Hand Cart
40:46 Gold Mining
41:31 Stone Shaft Mining
41:31 Bodkin Arrow
41:51 Leather Archer Armor
42:16 Bracer
43:38 Two-Man Saw
43:44 Scale Barding Armor
43:06 Elite Genoese Crossbowman
44:12 Ballistics
44:55 Chain Barding Armor
45:17 Husbandry
44:38 Light Cavalry
45:31 Bloodlines
47:14 Chemistry
46:26 Thumb Ring
46:09 Hussar
47:26 Plate Barding Armor
46:37 Treadmill Crane
47:42 Crop Rotation
47:50 Conscription
48:43 Illumination
48:34 Block Printing
¡No hate!
7:20 Loom
9:21 Feudal Age
15:47 Bloodlines
20:51 Castle Age
18:53 Double-Bit Axe
19:21 Horse Collar
19:45 Gold Mining
23:10 Gold Shaft Mining
22:57 Husbandry
23:26 Scale Barding Armor
25:31 Wheelbarrow
27:18 Chain Barding Armor
29:42 Forging
33:34 Imperial Age
32:18 Bow Saw
32:09 Heavy Plow
32:12 Stone Mining
33:29 Hand Cart
34:02 Iron Casting
33:28 Town Watch
33:08 Light Cavalry
33:40 Fletching
35:10 Fortified Wall
35:58 Padded Archer Armor
36:20 Ballistics
37:49 Chemistry
37:35 Gold Shaft Mining
37:20 Murder Holes
37:22 Bodkin Arrow
38:19 Conscription
38:55 Plate Barding Armor
38:32 Tusk Swords
39:35 Bracer
39:01 Elite Skirmisher
39:58 Leather Archer Armor
40:56 Double Crossbow
41:58 Blast Furnace
41:09 Elite Battle Elephant
43:02 Stone Shaft Mining
43:11 Ring Archer Armor
43:49 Town Patrol
43:59 Scale Mail Armor
44:13 Masonry
46:50 Capped Ram
48:07 Scale Mail Armor
50:31 Architecture
50:06 Siege Engineers
50:17 Chain Mail Armor
49:24 Elite Ballista Elephant
_The_Oldergold
7:12 Loom
10:11 Feudal Age
10:59 Double-Bit Axe
14:44 Fletching
18:07 Wheelbarrow
22:37 Castle Age
21:27 Padded Archer Armor
21:10 Horse Collar
21:21 Gold Mining
23:30 Bodkin Arrow
22:56 Elite Skirmisher
23:52 Bow Saw
25:00 Heavy Plow
28:02 Imperial Age
27:14 Leather Archer Armor
27:28 Ballistics
30:29 Bracer
30:37 Thumb Ring
32:36 Parthian Tactics
32:23 Forging
35:20 Iron Casting
34:52 Scale Barding Armor
34:17 Heavy Cavalry Archer
35:36 Town Watch
36:10 Hand Cart
41:32 Town Patrol
44:34 Chemistry
50:08 Blast Furnace
Connection lost

Rejoining the realm…

Still unreachable

The connection could not be restored.

Session expired

The server has moved on; the page needs a fresh start.